 Dungeon Crawl Stone Soup version 0.29-a0-337-g68df138881 (webtiles) character file.

Game seed: 619619003377520833

796 garrulousMonolith the Firebug (level 7, -7/50 (57) HPs)
             Began as a Green Draconian Fire Elementalist on Apr 16, 2022.
             Was an Initiate of Gozag.
             Killed from afar by Maggie (26 damage)
             ... with a bolt of fire
             ... on level 6 of the Dungeon.
             The game lasted 00:08:14 (6647 turns).

garrulousMonolith the Firebug (DrFE)                Turns: 6647, Time: 00:08:15

HP:   -7/50 (57)    AC:  7    Str: 10    XL:     7   Next: 58%
MP:   5/12          EV: 12    Int: 17    God:    Gozag
Gold: 67            SH:  0    Dex: 12    Spells: 2/12 levels left

rFire   . . .      SeeInvis .   F - +0 dagger (venom)
rCold   . . .      Faith    .   (no shield)
rNeg    . . .      Spirit   .   (body armour unavailable)
rPois   +          Reflect  .   (helmet restricted)
rElec   .          Harm     .   (no cloak)
rCorr   .          Rampage  .   (no gloves)
Will    +....                   g - +0 pair of boots
Stlth   ++........              q - amulet of magic regeneration
HPRegen 0.16/turn               f - ring of willpower
MPRegen 0.53/turn               (no ring)

@: mesmerised, very slightly contaminated, heavily drained
A: breathe noxious fumes, AC +6, unfitting armour, poison resistance,
cold-blooded
a: Breathe Noxious Fumes, Renounce Religion, Potion Petition, Call Merchant,
Bribe Branch


You were on level 6 of the Dungeon.
You worshipped Gozag.
Gozag was noncommittal.
You visited 2 branches of the dungeon, and saw 7 of its levels.

You collected 281 gold pieces.
You spent 128 gold pieces at shops.
You paid 86 gold pieces to Gozag.

Inventory:

Hand Weapons
 d - a +0 dagger
 e - a +0 quarterstaff
 t - a +3 short sword of speed
 C - a +6 dagger
 F - a +0 dagger of venom (weapon)
 H - a +1 flail of protection
Missiles
 b - 160 stones
 c - 6 atropa-tipped darts
Armour
 g - a +0 pair of boots (worn)
Jewellery
 f - a ring of willpower (left hand)
 q - an amulet of magic regeneration (around neck)
Wands
 r - a wand of iceblast (14)
 w - a wand of charming (11)
 x - a wand of acid (13)
 y - a wand of mindburst (25)
 G - a wand of polymorph (3)
Scrolls
 h - 2 scrolls of silence
 k - a scroll of amnesia
 o - a scroll of noise
 p - a scroll of summoning {unknown}
 u - a scroll of fear {unknown}
 B - 2 scrolls of teleportation
Potions
 a - a potion of magic
 i - 2 potions of attraction {unknown}
 j - 3 potions of might
 l - 4 potions of haste {unknown}
 m - a potion of lignification
 n - 3 potions of curing
 s - a potion of heal wounds
 v - a potion of invisibility {unknown}
 z - a potion of berserk rage {unknown}
 A - a potion of flight {unknown}
 D - 2 potions of degeneration {unknown}
 E - a potion of resistance {unknown}


   Skills:
 + Level 3.0 Fighting
 + Level 3.3 Dodging
 - Level 1.7 Stealth
 + Level 3.3 Spellcasting
 * Level 4.4 Conjurations
 * Level 5.5 Fire Magic
 * Level 1.1 Poison Magic


You had 2 spell levels left.
You knew the following spells:

 Your Spells              Type           Power      Damage    Failure   Level
a - Magic Dart            Conj           68%        1d6       2%          1
b - Scorch                Fire           42%        2d7       2%          2
c - Conjure Flame         Conj/Fire      19%        6-21      7%          3
d - Foxfire               Conj/Fire      76%        2x1d7     2%          1
e - Mephitic Cloud        Conj/Pois/Air  9%         N/A       24%         3

Your spell library contained the following spells:

 Spells                   Type           Power      Damage    Failure   Level
 Searing Ray              Conj           34%        2d5       4%          2
 Blink                    Tloc           4%         N/A       26%         2
 Call Imp                 Summ           2%         N/A       26%         2
 Inner Flame              Hex/Fire       12%        N/A       16%         3
 Dazzling Flash           Conj/Hex       20%        N/A       21%         3
 Flame Wave               Conj/Fire      19%        2d6       22%         4
 Gell's Gravitas          Tloc           2%         N/A       45%         3
 Lesser Beckoning         Tloc           2%         N/A       45%         3
 Teleport Other           Tloc           2%         N/A       45%         3
 Fulminant Prism          Conj/Hex       5%         3d7       56%         4
 Alistair's Intoxication  Tmut/Pois      2%         N/A       98%         5
 Agony                    Necr           2%         N/A       99%         5
 Borgnjor's Vile Clutch   Necr/Erth      1%         N/A       99%         5
 Manifold Assault         Tloc           2%         N/A       99%         5
 Silence                  Hex/Air        1%         N/A       99%         5
 Eringya's Noxious Bog    Tmut/Pois      2%         N/A       100%        6


Dungeon Overview and Level Annotations

Branches:
Dungeon (6/15)             Temple (1/1) D:6

Altars:
Ashenzari
Cheibriados
Dithmenos
Elyvilon
Fedhas
Gozag
Hepliaklqana
Kikubaaqudgha
Makhleb
Nemelex Xobeh
Okawaru
Qazlal
Ru
Sif Muna
Trog
Uskayaw
Vehumet
Wu Jian
Xom
Yredelemnul
Zin
The Shining One

Shops:
D:6 *!

Annotations:
D:6 Maggie


Innate Abilities, Weirdness & Mutations

You can breathe blasts of noxious fumes.
Your lurid green scales are hard. (AC +6)
You cannot fit into any form of body armour.
Your system is resistant to poisons. (rPois)
You are cold-blooded and may be slowed by cold attacks.


Message History

You feel drained.
Casting: Scorch (safe; 2% risk of failure)
Confirm with . or Enter, or press ? or * to list all spells.
Flames lash Maggie.
Maggie is moderately wounded.
Maggie hits you with a +1 long sword of draining.
You feel drained.
Maggie gestures wildly while chanting.
Maggie attempts to bespell you! You resist with almost no effort.
Casting: Scorch (safe; 2% risk of failure)
Confirm with . or Enter, or press ? or * to list all spells.
Flames lash Maggie.
Maggie is burned terribly!
Maggie is heavily wounded.
Maggie mumbles some strange words.
Maggie attempts to bespell you!
You are mesmerised by Maggie!
Maggie hits you with a +1 long sword of draining.
You feel drained.
Casting: Scorch (safe; 2% risk of failure)
Confirm with . or Enter, or press ? or * to list all spells.
You conjure some foxfire!
Maggie hits you with a +1 long sword of draining.
You feel drained.
Unknown command.
Casting: Foxfire (safe; 2% risk of failure)
Confirm with . or Enter, or press ? or * to list all spells.
Aiming: Mephitic Cloud (dangerous; 24% risk of failure)
Press: ? - help, Shift-Dir - straight line You miscast Mephitic Cloud.
You are very lightly contaminated with residual magic.
Nothing appears to happen.
The foxfire hits Maggie but does no damage.
Maggie is heavily wounded.
The foxfire hits Maggie but does no damage.
Maggie is heavily wounded.
Maggie points at you and mumbles some strange words.
The bolt of fire hits you!!
Ouch! That really hurt!
You die...
Your body crumbles into a pile of gold. #..#### #..# .. #..# #..# #..# .#..# #..#### ....# #.....# FO...

####..##############
#......§.........
#....@@§.........
#.###############
#.# .co.#
#.##......#
#..#'###..# #.##
#..# #.# #... ###.#
#... #...#
##################


You could see Maggie (mesmerising, combustible).

Vanquished Creatures
  Grinder (D:3)
  2 black bears (D:5)
  A vampire bat (D:4)
  A howler monkey (D:6)
  3 hounds
  An iguana (D:5)
  Terence (D:3)
  4 gnolls (D:6)
  7 adders
  2 ufetubi
  2 worms (D:3)
  3 dart slugs
  4 orcs
  4 endoplasms
  3 giant cockroaches
  3 goblins (D:1)
  3 hobgoblins
  3 jackals (D:5)
  2 quokkas (D:1)
  10 ball pythons
  17 bats
  4 frilled lizards
  8 kobolds
  3 rats
92 creatures vanquished.

Vanquished Creatures (others)
  142 foxfires
142 creatures vanquished.

Grand Total: 234 creatures vanquished

Notes
Turn   | Place    | Note
-------+----------+-------------------------------------------
     0 | D:1      | garrulousMonolith the Draconian Fire Elementalist began the
                  | quest for the Orb.
     0 | D:1      | Reached XP level 1. HP: 14/14 MP: 3/3
   427 | D:1      | Reached XP level 2. HP: 22/22 MP: 3/5
   430 | D:1      | Learned a level 2 spell: Scorch
   619 | D:1      | Found a faded altar of an unknown god.
  1058 | D:1      | Reached XP level 3. HP: 27/27 MP: 1/6
  1630 | D:2      | Learned a level 3 spell: Conjure Flame
  1826 | D:2      | Reached skill level 1 in Fighting
  2123 | D:3      | Noticed Terence
  2170 | D:3      | Killed Terence
  2171 | D:3      | Reached XP level 4. HP: 14/35 MP: 7/7
  2478 | D:3      | Noticed Grinder
  2507 | D:3      | Killed Grinder
  2508 | D:3      | Reached skill level 4 in Fire Magic
  2508 | D:3      | Reached XP level 5. HP: 7/41 MP: 3/9
  2508 | D:3      | Reached XP level 6. HP: 9/48 MP: 3/10
  2998 | D:3      | Found a burning altar of Makhleb.
  3034 | D:3      | Noticed a balrug
  3876 | D:5      | Entered Level 5 of the Dungeon
  3876 | D:5      | Found a hide-covered altar of Uskayaw.
  4107 | D:5      | Reached skill level 5 in Fire Magic
  4362 | D:5      | Your scales start taking on a lurid green colour.
  4362 | D:5      | Reached XP level 7. HP: 56/56 MP: 6/11
  4362 | D:5      | Gained mutation: Your system is resistant to poisons.
                  | (rPois) [Green Draconian growth]
  5063 | D:5      | Learned a level 1 spell: Magic Dart
  5067 | D:5      | Learned a level 3 spell: Mephitic Cloud
  5625 | D:6      | Found Ukhiezoc's Distillery.
  5635 | D:6      | Bought 2 potions of curing for 84 gold pieces
  5681 | D:6      | Reached skill level 1 in Poison Magic
  5740 | D:6      | Found Orhemar's Serpentskin Sales.
  5752 | D:6      | Bought a +0 dagger of venom for 44 gold pieces
  5901 | D:6      | Found a staircase to the Ecumenical Temple.
  6073 | Temple   | Entered the Ecumenical Temple
  6478 | Temple   | Became a worshipper of Gozag Ym Sagoz the Greedy
  6634 | D:6      | Noticed Maggie
  6647 | D:6      | Killed from afar by Maggie

Illustrated notes

Levels and vault maps discovered:
D:1:      heliophobic_arrival_ceremonial_halls, layout_loops_ring,
          ebering_ecumenical_altar_hall, minmay_tall_x
D:2:      layout_rooms, serial_corexii_hall, corexii_hall_statues_l,
          chequers_hall_statues_wall_a
D:3:      layout_rooms, makhleb_altar_promises_db, hex_large, uniq_terence,
          uniq_grinder
D:4:      layout_loops_ring, roderic_batcave
D:5:      layout_cave_pods, lemuel_crystal_altar, eino_tiny_chamber,
          minmay_fractal_squares_gapless_5
D:6:      kennysheep_windowed_halls, layout_loops_ring,
          minmay_temple_entry_trees, serial_shops, nicolae_lakefront_shop,
          guppyfry_shop_venom, uniq_maggie
Temple:   mainiacjoe_temple_big_plus

Skill      XL: |  1  2  3  4  5  6  7 |
---------------+----------------------+-----
Dodging        | 2 3 |  3.3
Conjurations   | 2 3 4 |  4.4
Fighting       | 1 2 3 |  3.0
Fire Magic     | 4 5 |  5.5
Spellcasting   | 3 |  3.3
Poison Magic   | 1 |  1.1
Stealth        | |  1.7

Action                   |  1- 3 |  4- 6 |  7- 9 || total
-------------------------+-------+-------+-------++-------
Melee: Dagger            |    26 |       |       ||    26
       Tailslap          |     4 |     1 |       ||     5
       Punch             |     1 |       |       ||     1
       Quarterstaff      |     7 |     2 |       ||     9
       Short sword       |       |     2 |     1 ||     3
 Cast: Foxfire           |    45 |    38 |     3 ||    86
       Scorch            |    23 |    30 |    28 ||    81
       Magic Dart        |       |       |    18 ||    18
       Mephitic Cloud    |       |       |     1 ||     1
  Use: Scroll            |     5 |     7 |       ||    12
       Potion            |     4 |       |       ||     4
Armor: Skin              |    41 |    47 |    10 ||    98
Dodge: Dodged            |    80 |    46 |    27 ||   153

Table legend: (Time is in decaauts)
 A = Elapsed time spent in this place.
 B = Non-inter-level travel time spent in this place.
 C = Inter-level travel time spent in this place.
 D = Time resting spent in this place.
 E = Time spent auto-exploring this place.
 F = Levels seen in this place.
 G = Mean time per level.
                   A        B        C        D        E       F      G
               +--------+--------+--------+--------+--------+-----+--------+
         Total |   6648 |   6385 |    263 |   1382 |   4093 |   7 |  949.7 |
       Dungeon |   6212 |   5993 |    219 |   1382 |   3709 |   6 | 1035.3 |
        Temple |    435 |    391 |     44 |      0 |    384 |   1 |  435.0 |
               +--------+--------+--------+--------+--------+-----+--------+

Top non-repeatable levels by time:
     D:5: 1583 daAuts
     D:1: 1388 daAuts
     D:3: 1054 daAuts
     D:4: 807 daAuts
     D:6: 690 daAuts
     D:2: 687 daAuts
  Temple: 435 daAuts
